 Dungeon Crawl Stone Soup version 0.21.0-3-g78d12a8bdd (webtiles) character file.

4648 KamiKatze the Cleaver (level 10, -1/88 HPs)
             Began as a Hill Orc Monk on Jan 14, 2018.
             Was a Believer of Qazlal.
             Slain by a two-headed ogre
             ... wielding a +0 dire flail
              (13 damage)
             ... on level 8 of the Dungeon.
             The game lasted 00:38:23 (9075 turns).

KamiKatze the Cleaver (Hill Orc Monk)               Turns: 9075, Time: 00:38:23

Health: -1/88      AC: 13    Str: 18    XL:     10   Next: 43%
Magic:  8/12       EV: 13    Int: 10    God:    Qazlal [**....]
Gold:   224        SH:  3    Dex: 15    Spells: 9/9 levels left

rFire    . . .     SeeInvis .   a - +1 hand axe
rCold    . . .     Gourm    .   (no shield)
rNeg     . . .     Faith    .   p - +0 scale mail (curse)
rPois    .         Spirit   .   e - +2 helmet
rElec    .         Reflect  .   (no cloak)
rCorr    .         Harm     .   (no gloves)
MR       .....                  y - +0 pair of boots
Stlth    ..........             (no amulet)
HPRegen  0.24/turn              o - +2 ring of dexterity
MPRegen  0.13/turn              z - ring of loudness (curse)

@: no status effects
A: no striking features
a: Upheaval, Renounce Religion


You were on level 8 of the Dungeon.
You worshipped Qazlal.
Qazlal was pleased with you.
You were not hungry.

You visited 2 branches of the dungeon, and saw 9 of its levels.

You collected 224 gold pieces.

Inventory:

Hand Weapons
 a - a +1 hand axe (weapon)
Missiles
 d - 245 stones (quivered)
 n - 13 tomahawks
 B - 5 poisoned tomahawks
Armour
 e - a +2 helmet (worn)
 j - a +0 chain mail
 p - a cursed +0 scale mail (worn)
 x - a +0 chain mail
 y - a +0 pair of boots (worn)
 E - a +0 troll leather armour
Jewellery
 b - an uncursed ring of ice
 o - a +2 ring of dexterity (left hand)
 z - a cursed ring of loudness (right hand)
Wands
 A - a wand of iceblast (5)
 C - a wand of digging (4)
Scrolls
 i - a scroll of magic mapping
 m - 3 scrolls of teleportation
 r - a scroll of enchant weapon
 s - 3 scrolls of vulnerability
Potions
 g - 2 potions of magic
 h - a potion of flight
 k - 2 potions of ambrosia
 l - 2 potions of might {unknown}
 t - a potion of brilliance {unknown}
 u - 2 potions of lignification {unknown}
 v - a potion of cancellation {unknown}
 w - a potion of agility
Comestibles
 c - 13 rations


   Skills:
 + Level 8.1 Fighting
 * Level 11.6 Axes
 * Level 9.3 Armour
 + Level 5.5 Dodging
 - Level 1.5 Stealth
 + Level 3.3 Invocations


You had 9 spell levels left.
You didn't know any spells.

Dungeon Overview and Level Annotations

Branches:
Dungeon (8/15)             Temple (1/1) D:4
   Lair: D:8-11

Altars:
Ashenzari
Cheibriados
Dithmenos
Elyvilon
Fedhas
Gozag
Hepliaklqana
Makhleb
Nemelex Xobeh
Okawaru
Qazlal
Ru
Sif Muna
Trog
Uskayaw
Vehumet
Wu Jian
Xom
Yredelemnul
Zin
The Shining One

Shops:
D:6 (:==(   D:7 %

Annotations:
D:5 1 transporter
D:7 exclusions: 2 electric eels and 1 more exclusion


Message History

Okay, then.
The two-headed ogre hits you but does no damage.
The two-headed ogre hits you with a giant spiked club!!
* * * LOW HITPOINT WARNING * * *
Okay, then.
Okay, then.
Aiming: Upheaval
Press: ? - help, Dir - move target cursor, f/p - two-headed ogre
Aim: a two-headed ogre, wielding a dire flail and a giant spiked club (moderately wounded)
The ground shakes violently, spewing rubble!
The blast of rubble hits the two-headed ogre.
The two-headed ogre is heavily wounded.
The blast of rubble hits the adder.
You kill the adder!
Qazlal accepts your kill.
You hit the two-headed ogre but do no damage.
The two-headed ogre is heavily wounded.
The two-headed ogre misses you.
The two-headed ogre hits you with a giant spiked club!
You die...

#.# #.#########.# #.# #.#
#.# #.# #.# #.# #.# #.# #.#
#.# #.# #.## #.##########.#
#... #.#..........# ####
###.#.#####################
#.........@O.†.............
#####.#####################
#.# #<# ###


You could see a two-headed ogre.

Vanquished Creatures
  A two-headed ogre (D:8)
  The ghost of denis1488 the Martial Artist, a novice OpTm of Makhleb (D:6)
  The ghost of denis1488 the Insei, a novice OpTm of Cheibriados (D:4)
  A troll (D:7)
  A hippogriff (D:8)
  A water moccasin (D:6)
  2 orc warriors
  6 sky beasts
  An ice beast (D:7)
  A necrophage (D:6)
  3 ogres
  A centaur (D:6)
  2 bullfrogs (D:6)
  4 scorpions
  5 wights
  5 killer bees (D:6)
  6 hounds
  A centaur zombie (D:7)
  2 orc priests (D:4)
  4 jellies
  A bullfrog skeleton (D:5)
  5 orc wizards
  2 iguanas
  3 worker ants
  2 hound skeletons
  A worker ant zombie (D:6)
  5 adders
  A howler monkey skeleton (D:6)
  An adder zombie (D:6)
  2 worms
  2 dart slugs
  4 leopard geckos
  31 orcs
  A ball python (D:1)
  6 giant cockroaches
  5 goblins
  6 hobgoblins
  16 jackals
  10 kobolds
  2 quokkas (D:3)
  3 bats
  6 frilled lizards
  3 quokka skeletons
  A quokka zombie (D:5)
  12 rats
180 creatures vanquished.

Vanquished Creatures (others)
  A black bear (D:7)
  2 bullfrogs (D:7)
  A scorpion (D:7)
  An electric eel (D:7)
  A worker ant (D:7)
  An adder (D:7)
  An orc (D:7)
8 creatures vanquished.

Grand Total: 188 creatures vanquished

Notes
Turn   | Place    | Note
-------+----------+-------------------------------------------
     0 | D:1      | KamiKatze the Hill Orc Monk began the quest for the Orb.
     0 | D:1      | Reached XP level 1. HP: 19/19 MP: 1/1
    52 | D:1      | Reached XP level 2. HP: 23/27 MP: 2/2
    54 | D:1      | Reached skill level 1 in Armour
   492 | D:2      | Reached XP level 3. HP: 33/33 MP: 3/3
   694 | D:2      | Found a burning altar of Makhleb.
   705 | D:2      | Reached skill level 5 in Axes
   705 | D:2      | Reached XP level 4. HP: 29/40 MP: 4/4
  1562 | D:3      | Reached XP level 5. HP: 28/46 MP: 5/5
  1760 | D:3      | Found a blossoming altar of Fedhas.
  2834 | D:4      | Noticed denis1488's ghost (novice OpTm)
  2896 | D:3      | Reached skill level 6 in Axes
  2896 | D:3      | Reached XP level 6. HP: 46/53 MP: 6/6
  3296 | D:4      | Found a staircase to the Ecumenical Temple.
  3305 | Temple   | Entered the Ecumenical Temple
  3391 | D:4      | Reached skill level 5 in Fighting
  3391 | D:4      | Reached XP level 7. HP: 55/61 MP: 7/7
  3892 | D:4      | Killed denis1488's ghost
  3892 | D:4      | Reached skill level 7 in Axes
  3892 | D:4      | Reached skill level 5 in Armour
  4103 | D:4      | Reached XP level 8. HP: 46/69 MP: 8/8
  4149 | D:5      | Entered Level 5 of the Dungeon
  4214 | D:5      | Found a glowing golden altar of the Shining One.
  4634 | D:4      | Reached skill level 8 in Axes
  4830 | D:5      | Found an opulent altar of Gozag.
  4833 | D:5      | Found a stormy altar of Qazlal.
  4919 | D:5      | Became a worshipper of Qazlal Stormbringer
  4919 | D:5      | Reached * piety under Qazlal
  4919 | D:5      | Reached ** piety under Qazlal
  5022 | D:5      | Found a sparkling altar of Nemelex Xobeh.
  5022 | D:5      | Found a transporter.
  5022 | D:5      | Noticed a centaur warrior
  5478 | D:6      | Found Bixkui's Jewellery Boutique.
  5500 | D:6      | Noticed denis1488's ghost (novice OpTm)
  5542 | D:6      | Killed denis1488's ghost
  5542 | D:6      | Reached skill level 9 in Axes
  5542 | D:6      | Reached XP level 9. HP: 28/78 MP: 9/9
  6208 | D:6      | Found Wyrugasi's Weapon Boutique.
  6285 | D:6      | Found Uheawikhluku's Weapon Shoppe.
  6444 | D:6      | Reached skill level 10 in Axes
  6593 | D:6      | Found Deirukhecvar's Book Emporium.
  6598 | D:6      | Found Figuf's Jewellery Shoppe.
  7328 | D:7      | Reached skill level 5 in Dodging
  7522 | D:7      | Reached skill level 1 in Invocations
  7561 | D:7      | Found a shimmering altar of Xom.
  7860 | D:7      | Reached XP level 10. HP: 86/86 MP: 11/11
  7906 | D:7      | Reached skill level 11 in Axes
  8294 | D:7      | Found Uboeff's Food Shop.
  8526 | D:8      | Reached *** piety under Qazlal
  8717 | D:8      | Noticed a two-headed ogre
  8974 | D:8      | Noticed a two-headed ogre
  8980 | D:8      | Noticed a two-headed ogre
  8994 | D:8      | Killed a two-headed ogre
  9075 | D:8      | Slain by a two-headed ogre

Skill      XL: |  1  2  3  4  5  6  7  8  9 10 |
---------------+-------------------------------+-----
Armour         | 1 2 3 4 5 7 8 9 |  9.3
Fighting       | 4 5 6 7 8 |  8.1
Axes           | 5 6 7 9 10 11 | 11.6
Dodging        | 3 4 5 |  5.5
Invocations    | 1 3 |  3.3
Stealth        | |  1.5

Action                   |  1- 3 |  4- 6 |  7- 9 | 10-12 || total
-------------------------+-------+-------+-------+-------++-------
Melee: Hand axe          |    81 |   238 |   486 |   125 ||   930
Throw: Throwing net      |       |       |       |     1 ||     1
Invok: Upheaval          |       |       |       |     3 ||     3
  Use: Scroll            |       |     4 |     7 |     1 ||    12
       Potion            |       |     4 |       |     1 ||     5
 Stab: Sleeping          |     1 |     2 |       |       ||     3
       Held in net/web   |       |       |       |     2 ||     2
  Eat: Chunk             |       |     5 |     4 |     4 ||    13
       Ration            |       |     1 |     3 |       ||     4
Armor: Robe              |    18 |       |       |       ||    18
       Ring mail         |     6 |    45 |       |       ||    51
       Scale mail        |       |    70 |   184 |    30 ||   284
Dodge: Dodged            |    57 |   152 |   235 |    69 ||   513
Block: Other             |       |       |    18 |    11 ||    29
